 Dungeon Crawl Stone Soup version 0.20.1-1-g8b1a95d (webtiles) character file.

224 Reeggar the Skirmisher (level 5, -12/42 HPs)
             Began as a Demonspawn Abyssal Knight on Oct 14, 2017.
             Was a Believer of Lugonu.
             Killed by divine providence
             ... invoked by an orc priest
              (13 damage)
             ... on level 4 of the Dungeon.
             The game lasted 00:23:02 (3550 turns).

Reeggar the Skirmisher (Demonspawn Abyssal Knight)  Turns: 3550, Time: 00:23:02

Health: -12/42     AC: 12    Str: 18    XL:     5   Next: 67%
Magic:  0/7        EV:  1    Int: 14    God:    Lugonu [**....]
Gold:   187        SH: 12    Dex: 12    Spells: 3/4 levels left

rFire    . . .     SeeInvis .   a - +3 falchion
rCold    . . .     Gourm    .   r - +0 large shield
rNeg     . . .     Faith    .   p - +0 plate armour
rPois    .         Spirit   +   (no helmet)
rElec    .         Reflect  .   (no cloak)
rCorr    .         Harm     .   (no gloves)
MR       .....                  i - +0 pair of boots
Stlth    ..........             (no amulet)
Regen    0.2/turn               (no ring)
MPRegen  0.1/turn               (no ring)

@: mighty, hasted, very quick
A: hooves 1, magic shield
a: Depart the Abyss, Bend Space, Renounce Religion


You were on level 4 of the Dungeon.
You worshipped Lugonu.
Lugonu was pleased with you.
You were not hungry.

You visited 1 branch of the dungeon, and saw 4 of its levels.
You visited the Abyss 1 time.

You collected 187 gold pieces.

Inventory:

Hand Weapons
 a - a +3 falchion (weapon)
 o - a +2 mace of distortion
Armour
 i - a +0 pair of boots (worn)
 p - a +0 plate armour (worn)
 r - a +0 large shield (worn)
 t - a cursed +0 robe
Jewellery
 f - a +2 ring of dexterity {unknown}
Scrolls
 b - a scroll of random uselessness {unknown}
 j - 3 scrolls of teleportation
Potions
 e - a potion of agility
 m - a potion of curing {unknown}
 n - 3 potions of heal wounds {unknown}
 s - a potion of mutation {unknown}
Books
 q - a book of Cantrips

   Spells                             Type                      Level
   a - Confusing Touch                Hexes                        1
   b - Animate Skeleton               Necromancy                   1
   c - Summon Small Mammal            Summoning                    1
   d - Apportation                    Translocation                1
Comestibles
 c - 4 bread rations
 d - 2 fruits
 h - 2 meat rations
 k - 2 royal jellies


   Skills:
 + Level 4.0 Fighting
 + Level 3.7 Long Blades
 + Level 2.5 Armour
 + Level 1.3 Dodging
 + Level 1.5 Shields
 + Level 2.7 Invocations


You had 3 spell levels left.
You knew the following spells:

 Your Spells              Type           Power        Failure   Level  Hunger
a - Confusing Touch       Hex            #.....       100%        1    ##.....


Dungeon Overview and Level Annotations

Branches:
Dungeon (4/15)
 Temple: D:4-7

Altars:
Ashenzari
Kikubaaqudgha
Qazlal
Uskayaw
Zin

Annotations:
D:4 Drevant's ghost, amateur MiBe


Innate Abilities, Weirdness & Mutations

You have large cloven feet.
When hurt, damage is shared between your health and your magic reserves.


Message History

* * * LOW HITPOINT WARNING * * *
You hit the orc priest but do no damage.
The orc priest is moderately wounded.
The orc priest hits you but does no damage.
It was a potion of might.
You feel very mighty all of a sudden.
The orc priest hits you but does no damage.
You hit the orc priest.
The orc priest is heavily wounded.
Your shield and plate armour prevent you from hitting the orc priest.
The orc priest is heavily wounded.
The orc priest invokes the aid of Beogh against you.
Pain shoots through your body!
* * * LOW HITPOINT WARNING * * *
You slash the orc priest!
You kill the orc priest!
Lugonu accepts your kill.
The orc priest mumbles some strange prayers to Beogh against you.
Beogh smites you!
You die...

## ##..##
#.....########
#.oo@(...#####.#
#.W#####.......#
#..#####.####..#
#..##......# .#
#.....##.#.##..#
##.#####.#.....#
#........<...#
##############


You could see an orc priest, Drevant's ghost and an orc.

Vanquished Creatures
  A vampire bat (D:3)
  An orc priest (D:4)
  5 adders
  4 dart slugs
  A leopard gecko (D:3)
  11 orcs
  4 bat skeletons (D:3)
  2 bat zombies (D:3)
  3 giant cockroaches (D:2)
  9 goblins
  9 hobgoblins
  6 jackals (D:3)
  7 kobolds
  2 quokkas
  2 ball pythons (D:1)
  8 bats
  7 frilled lizards
  5 rats
87 creatures vanquished.

Notes
Turn   | Place    | Note
-------+----------+-------------------------------------------
     0 | Abyss:1  | Reeggar the Demonspawn Abyssal Knight began the quest for the Orb.
     0 | Abyss:1  | Reached XP level 1. HP: 18/18 MP: 2/2
    84 | Abyss:1  | Found a corrupted altar of Lugonu.
   116 | D:1      | Escaped the Abyss
   426 | D:1      | Gained mutation: You have large cloven feet. [demonic ancestry]
   426 | D:1      | Reached XP level 2. HP: 20/24 MP: 3/3
   458 | D:1      | Reached skill level 1 in Dodging
   631 | D:1      | Reached * piety under Lugonu
  1369 | D:2      | Reached XP level 3. HP: 27/29 MP: 3/5
  1388 | D:2      | Found a faded altar of an unknown god.
  1772 | D:2      | Found a glowing silver altar of Zin.
  1772 | D:2      | Found a stormy altar of Qazlal.
  1864 | D:2      | Found a hide-covered altar of Uskayaw.
  1865 | D:2      | Noticed a dagger
  1866 | D:2      | Noticed a hand axe
  1882 | D:2      | Reached XP level 4. HP: 17/36 MP: 6/6
  2392 | D:2      | Learned a level 1 spell: Confusing Touch
  2591 | D:3      | Found an ancient bone altar of Kikubaaqudgha.
  2714 | D:3      | Gained mutation: When hurt, damage is shared between your health and your magic reserves. [demonic ancestry]
  2714 | D:3      | Reached XP level 5. HP: 41/42 MP: 7/7
  2759 | D:3      | Reached ** piety under Lugonu
  2794 | D:3      | Found a shattered altar of Ashenzari.
  3075 | D:3      | Reached skill level 1 in Shields
  3530 | D:4      | Noticed Drevant's ghost (amateur MiBe)
  3538 | D:4      | Reached skill level 4 in Fighting
  3548 | D:4      | HP: 1/42 [orc priest/nerve-wracking pain (5)]
  3550 | D:4      | Killed from afar by an orc priest

Skill      XL: |  1  2  3  4  5 |
---------------+----------------+-----
Dodging        | 1 |  1.3
Long Blades    | 2 3 |  3.7
Armour         | 2 |  2.5
Shields        | 1 |  1.5
Fighting       | 4 |  4.0
Invocations    | |  2.7

Action                   |  1- 3 |  4- 6 || total
-------------------------+-------+-------++-------
Melee: Falchion          |    76 |   214 ||   290
       Kick              |    16 |     4 ||    20
Invok: Depart the Abyss  |     1 |       ||     1
  Use: Scroll            |     6 |     4 ||    10
       Potion            |       |     2 ||     2
  Eat: Chunk             |     3 |     6 ||     9
Armor: Leather armour    |    32 |     2 ||    34
       Plate armour      |       |   231 ||   231
Dodge: Dodged            |    64 |    13 ||    77
Block: Large shield      |       |   187 ||   187
       Rpst.: Falchion   |    19 |     5 ||    24
